 Dungeon Crawl Stone Soup version 0.31-a0-920-g28cbb04a8c (webtiles) character file.

Game seed: 7831731502827586924

588 Agrostarius the Cutter (level 7, 91/91 HPs)
             Began as a Hill Orc Berserker on Oct 16, 2023.
             Was a Believer of Trog.
             Quit the game on level 3 of the Dungeon on Oct 17, 2023.
             The game lasted 00:08:30 (1896 turns).

Agrostarius the Cutter (Hill Orc Berserker)         Turns: 1896, Time: 00:08:31

Health: 91/91      AC: 12    Str: 22    XL:     7   Next: 38%
Magic:  7/7        EV: 18    Int:  7    God:    Trog [**....]
Gold:   99         SH:  0    Dex: 10    Spells: 6/6 levels left

rFire   . . .        g - melded +2 short sword (drain)
rCold   . . .        (shield currently unavailable)
rNeg    + + +        s - melded +0 chain mail
rPois   +            (helmet currently unavailable)
rElec   .            (cloak currently unavailable)
rCorr   .            (gloves currently unavailable)
SInv    .            (boots currently unavailable)
Will    .....        (no amulet) Stlth
                     (no ring)
HPRegen 0.35/turn    (no ring)
MPRegen 0.10/turn

%: no passive effects
@: berserking, fungus-form, very quick
A: melee confuse, terrified, no casting, tiny
a: Renounce Religion, Berserk, Trog's Hand


You were on level 3 of the Dungeon.
You worshipped Trog.
Trog was pleased with you.
You were a sentient fungus.
You visited 1 branch of the dungeon, and saw 3 of its levels.

You collected 99 gold pieces.

Inventory:

Hand Weapons
 a - a +0 hand axe
 g - a +2 short sword of draining (melded)
 p - a +0 long sword
Missiles
 r - 3 javelins
Armour
 b - a +0 animal skin
 o - a +0 ring mail
 s - a +0 chain mail (melded)
Jewellery
 k - a +6 ring of strength
Scrolls
 d - 2 scrolls of poison {unknown}
 h - 6 scrolls of identify {unknown}
 i - 2 scrolls of amnesia {unknown}
 j - a scroll of fog {unknown}
 m - a scroll of enchant weapon {unknown}
 n - 2 scrolls of immolation {unknown}
Potions
 c - a potion of might {unknown}
 e - a potion of enlightenment {unknown}
 f - a potion of berserk rage {unknown}
 l - a potion of invisibility {unknown}
 q - a potion of curing {unknown}


   Skills:
 + Level 5.5 Fighting
 * Level 5.8 Short Blades
 - Level 4.5 Axes
 + Level 3.3 Armour
 - Level 1.6 Dodging
 - Level 1.2 Stealth


You had 6 spell levels left.
You didn't know any spells.
Your spell library contained the following spells:

 Spells                   Type           Power      Damage    Failure   Level
 Summon Small Mammal      Summ           0%         N/A       43%         1
 Call Canine Familiar     Summ           0%         N/A       80%         3
 Summon Guardian Golem    Hex/Summ       0%         N/A       80%         3


Dungeon Overview and Level Annotations

Branches:
Dungeon (3/15)

Altars:


Message History

You are too berserk!
You are too berserk!
You're too terrified to move while being watched!
You're too terrified to move while being watched!
You're too terrified to move while being watched!
You're too terrified to move while being watched!
You're too terrified to move while being watched!
Okay, then.
You are too berserk!
You are too berserk!
You're too terrified to move while being watched!
You're too terrified to move while being watched!
You're too terrified to move while being watched!
You're too terrified to move while being watched!
You're too terrified to move while being watched!
You're too terrified to move while being watched!
You're too terrified to move while being watched!
You're too terrified to move while being watched!
You're too terrified to move while being watched!
You're too terrified to move while being watched!
You're too terrified to move while being watched!
You're too terrified to move while being watched!
You're too terrified to move while being watched!
You're too terrified to move while being watched!
You're too terrified to move while being watched!
You're too terrified to move while being watched!
You're too terrified to move while being watched!
You're too terrified to move while being watched!
You're too terrified to move while being watched!
You're too terrified to move while being watched!
You're too terrified to move while being watched!
You're too terrified to move while being watched!
You're too terrified to move while being watched!
You're too terrified to move while being watched!
You're too terrified to move while being watched!
Unknown command.
Unknown command.
Unknown command.
Unknown command.
Are you sure you want to abandon this character and quit the game? (Confirm with "yes".)

##...## ######.....##
............## #
####.........# .#
#..........# ##.
#..........# ..
#.#.......## .#
#.##.....######.###
###.###......†..f)..#
....####.########)#.#
.........#


gb. ########## g.... ##..... ##### ### ..# #.# # You could see 2 gnolls and a
bat.

Vanquished Creatures
  Grinder (D:3)
  An ogre (D:3)
  A phantom (D:2)
  The ghost of Ekaitz the Magician, an amateur DEHW (D:3)
  A sleepcap (D:3)
  Ijyb (D:3)
  3 adders
  A gnoll (D:3)
  2 worms (D:2)
  3 dart slugs
  An orc (D:3)
  4 endoplasms
  6 giant cockroaches
  2 goblins
  4 hobgoblins
  4 jackals
  6 kobolds
  5 quokkas
  4 ball pythons
  2 bats (D:2)
  5 frilled lizards
  4 rats
62 creatures vanquished.

Notes
Turn   | Place    | Note
-------+----------+-------------------------------------------
     0 | D:1      | Agrostarius the Hill Orc Berserker began the quest for the
                  | Orb.
     0 | D:1      | Reached XP level 1. HP: 19/19 MP: 1/1
   128 | D:1      | Reached XP level 2. HP: 8/27 MP: 2/2
   250 | D:1      | Found a faded altar of an unknown god.
   407 | D:1      | Reached XP level 3. HP: 28/33 MP: 3/3
   775 | D:2      | Reached skill level 1 in Short Blades
   824 | D:2      | Reached ** piety under Trog
  1003 | D:2      | Reached XP level 4. HP: 41/41 MP: 4/4
  1270 | D:2      | Noticed a phantom
  1317 | D:2      | Killed a phantom
  1318 | D:2      | Reached XP level 5. HP: 22/47 MP: 5/5
  1463 | D:3      | Noticed an ogre
  1469 | D:3      | Noticed Grinder
  1475 | D:3      | Killed an ogre
  1476 | D:3      | Reached skill level 5 in Fighting
  1476 | D:3      | Reached skill level 1 in Stealth
  1476 | D:3      | Reached XP level 6. HP: 51/56 MP: 6/6
  1490 | D:3      | Paralysed by Grinder for 3 turns
  1499 | D:3      | Killed Grinder
  1500 | D:3      | Reached skill level 5 in Short Blades
  1500 | D:3      | Reached XP level 7. HP: 61/61 MP: 7/7
  1664 | D:3      | Found a runed translucent gate.
  1665 | D:3      | Found a runed translucent gate.
  1665 | D:3      | Found a runed translucent gate.
  1665 | D:3      | Noticed Ekaitz's ghost (amateur DEHW)
  1692 | D:3      | Killed Ekaitz's ghost
  1844 | D:3      | Upgraded the game from 0.31-a0-889-g1a8549509d to
                  | 0.31-a0-920-g28cbb04a8c
  1888 | D:3      | Noticed Ijyb
  1894 | D:3      | Killed Ijyb
  1896 | D:3      | Quit the game

Illustrated notes

Levels and vault maps discovered:
D:1:      lightli_arrival_statuegarden, layout_basic,
          shapermc_ecumenical_altar_pompeii, minmay_worlds_worst_comb
D:2:      layout_loops_cross, minmay_misc_feat_four_crosses,
          nicolae_concentric_dashed_squares_mild, minivault_25,
          minmay_misc_feat_tiny, chequers_serial_rivers_small_b,
          minmay_joined_circles
D:3:      layout_loops_ring, zin_statuary, ebering_ghost_rock_garden,
          uniq_grinder, uniq_ijyb

Skill      XL: |  1  2  3  4  5  6 |
---------------+-------------------+-----
Fighting       | 4 5 |  5.5
Short Blades   | 1 2 4 5 |  5.8
Stealth        | 1 |  1.2
Armour         | 3 |  3.3
Axes           | |  4.5
Dodging        | |  1.6

Action                     |  1- 3 |  4- 6 |  7- 9 || total
---------------------------+-------+-------+-------++-------
  Melee: Hand axe          |    30 |       |       ||    30
         Short sword       |    59 |   107 |    33 ||   199
         Punch             |     1 |     1 |     1 ||     3
         Unarmed           |       |       |     4 ||     4
 Invoke: Berserk           |     1 |     1 |     2 ||     4
         Trog's Hand       |       |     1 |       ||     1
   Stab: Sleeping          |     1 |       |       ||     1
 Armour: Animal skin       |    43 |    11 |       ||    54
         Ring mail         |       |    39 |     2 ||    41
         Chain mail        |       |       |    21 ||    21
         Skin              |       |       |     1 ||     1
  Dodge: Dodged            |    55 |    45 |     4 ||   104

Table legend: (Time is in decaauts)
 A = Elapsed time spent in this place.
 B = Non-inter-level travel time spent in this place.
 C = Inter-level travel time spent in this place.
 D = Time resting spent in this place.
 E = Time spent auto-exploring this place.
 F = Levels seen in this place.
 G = Mean time per level.
                   A        B        C        D        E       F      G
               +--------+--------+--------+--------+--------+-----+--------+
         Total |   1905 |   1905 |      0 |     83 |   1309 |   3 |  635.0 |
       Dungeon |   1905 |   1905 |      0 |     83 |   1309 |   3 |  635.0 |
               +--------+--------+--------+--------+--------+-----+--------+

Top non-repeatable levels by time:
     D:1: 772 daAuts
     D:2: 691 daAuts
     D:3: 442 daAuts
